 Dungeon Crawl Stone Soup version 0.29-a0-334-gb41bcbb86e (webtiles) character file.

Game seed: 138813057617962748

30 siradein the Shooter (level 3, -2/33 HPs)
             Began as a Naga Hunter on Apr 15, 2022.
             Slain by Terence
             ... wielding a +0 short sword
              (3 damage)
             ... on level 1 of the Dungeon.
             The game lasted 00:02:31 (679 turns).

siradein the Shooter (Naga Hunter)                   Turns: 679, Time: 00:02:32

Health: -2/33      AC:  2    Str: 13    XL:     3   Next: 20%
Magic:  3/3        EV: 10    Int:  9    God:
Gold:   79         SH:  0    Dex: 16    Spells: 2/2 levels left

rFire   . . .      SeeInvis +   a - +1 shortbow
rCold   . . .      Faith    .   (shield currently unavailable)
rNeg    . . .      Spirit   .   b - +0 leather armour
rPois   +          Reflect  .   (no helmet)
rElec   .          Harm     .   (no cloak)
rCorr   .          Rampage  .   (no gloves)
Will    .....                   (no barding)
Stlth   ++........              (no amulet)
HPRegen 0.11/turn               (no ring)
MPRegen 0.08/turn               (no ring)

@: short of breath, very slow
A: AC +1, large, see invisible, deformed body, poison resistance, slowness 2,
spit poison 1, naga tail 1
a: Spit Poison


You were on level 1 of the Dungeon.
You visited 1 branch of the dungeon, and saw 2 of its levels.

You collected 79 gold pieces.

Inventory:

Hand Weapons
 a - a +1 shortbow (weapon)
Armour
 b - a +0 leather armour (worn)
Scrolls
 c - 2 scrolls of immolation
 d - a scroll of vulnerability {unknown}
 e - 2 scrolls of identify {unknown}
 g - 3 scrolls of brand weapon {unknown}
Potions
 f - 2 potions of lignification {unknown}
 h - a potion of curing {unknown}


   Skills:
 + Level 2.4 Fighting
 + Level 3.8 Bows
 + Level 0.2 Armour
 + Level 2.0 Dodging
 - Level 2.4 Stealth


You had 2 spell levels left.
You didn't know any spells.
Your spell library was empty.

Dungeon Overview and Level Annotations

Branches:
Dungeon (2/15)

Altars:

Shops:
D:1 [*((

Annotations:
D:1 Terence


Innate Abilities, Weirdness & Mutations

Your serpentine skin is tough. (AC +1)
You have supernaturally acute eyesight. (SInv)
Armour fits poorly on your strangely shaped body.
Your system is resistant to poisons. (rPois)
You cover ground very slowly.
You can spit poison.
You have a snake-like lower body.


Message History

Press: ? - help, Q - select action, (/) - cycle Shift-Dir - straight line, f/p - Terence
Aim: Terence, wielding a +0 short sword and wearing a +0 chain mail (heavily wounded, 70% to hit)
You shoot an arrow. The arrow hits Terence.
Terence is severely wounded.
You have got your breath back.
Terence hits you with a +0 short sword.
* * * LOW HITPOINT WARNING * * *
Terence hits you with a +0 short sword.
* * * LOW HITPOINT WARNING * * *
Shoot: a) +1 shortbow
Press: ? - help, Q - select action, (/) - cycle Shift-Dir - straight line, f/p - Terence
Aim: Terence, wielding a +0 short sword and wearing a +0 chain mail (severely wounded, 70% to hit)
You shoot an arrow.
The arrow hits Terence but does no damage.
Terence is severely wounded.
Terence barely misses you.
Unknown command.
Aiming: Spit Poison (2% risk of failure)
Press: ? - help, Shift-Dir - straight line, f/p - Terence
Aim: Terence, wielding a +0 short sword and wearing a +0 chain mail (severely wounded, 70% to hit)
The splash of poison hits Terence but does no damage.
Terence is poisoned.
Terence is severely wounded.
Terence hits you with a +0 short sword.
* * * LOW HITPOINT WARNING * * *
Shoot: a) +1 shortbow
Press: ? - help, Q - select action, (/) - cycle Shift-Dir - straight line, f/p - Terence
Aim: Terence, wielding a +0 short sword and wearing a +0 chain mail (almost dead, poisoned, 70% to hit)
You shoot an arrow. The arrow hits Terence.
Terence is almost dead.
Terence hits you with a +0 short sword.
* * * LOW HITPOINT WARNING * * *
Shoot: a) +1 shortbow
Press: ? - help, Q - select action, (/) - cycle Shift-Dir - straight line, f/p - Terence
Aim: Terence, wielding a +0 short sword and wearing a +0 chain mail (almost dead, poisoned, 70% to hit)
You shoot an arrow.
The arrow hits Terence but does no damage.
Terence is almost dead.
Terence hits you with a +0 short sword.
You die...

...# ##'##..##.# ...#
##.##..#..# ...#
####......#.## # ####
#.........#.# #
#.........#.# ###### #
#........##.# ###....# #
#...........# #....#.# #
#........######.#).#.# #
####.......@@...##.#....####
#.....∩..##.###(##.#.#......
#...........# #.##+#.#.#####
#......########......#.#....
#..............##....#...#..
####............'....#####.#
#########............#....#
#..
†..................÷.+....#
##.
######################...##
#.


You could see Terence (poisoned).

Vanquished Creatures
  A dart slug (D:1)
  3 ball pythons (D:1)
  A bat (D:1)
  4 endoplasms (D:1)
  A giant cockroach (D:1)
  2 goblins (D:1)
  4 hobgoblins (D:1)
  A quokka (D:1)
  3 frilled lizards (D:1)
  3 kobolds (D:1)
  2 rats (D:1)
25 creatures vanquished.

Notes
Turn   | Place    | Note
-------+----------+-------------------------------------------
     0 | D:1      | siradein the Naga Hunter began the quest for the Orb.
     0 | D:1      | Reached XP level 1. HP: 19/19 MP: 1/1
    42 | D:1      | Found Zoppenypp's Assorted Antiques.
    75 | D:1      | Reached XP level 2. HP: 26/26 MP: 2/2
   331 | D:1      | Found Feojahi's Armour Shop.
   443 | D:1      | Found Jieges's Antique Weapon Emporium.
   538 | D:1      | Found Gothreab's Weapon Emporium.
   548 | D:1      | Reached XP level 3. HP: 33/33 MP: 3/3
   664 | D:2      | Noticed Terence
   678 | D:1      | HP: 1/33 [Terence/+0 short sword (4)]
   679 | D:1      | Slain by Terence

Illustrated notes

Levels and vault maps discovered:
D:1:      saegor_arrival_simple_c, layout_basic, serial_shops,
          nicolae_lakefront_shop, shop, shop, shop
D:2:      layout_basic, serial_shops,
          nicolae_shop_temple_entry_statues_fountains, minmay_strange_pillars,
          uniq_terence, uniq_robin

Skill      XL: |  1  2  3 |
---------------+----------+-----
Stealth        | 2 |  2.4
Dodging        | 2 |  2.0
Fighting       | |  2.4
Bows           | |  3.8
Armour         | |  0.2

Action                   || total
-------------------------++-------
 Fire: Shortbow          ||    68
 Abil: Spit Poison       ||     4
Armor: Leather armour    ||     8
Dodge: Dodged            ||    24

Table legend: (Time is in decaauts)
 A = Elapsed time spent in this place.
 B = Non-inter-level travel time spent in this place.
 C = Inter-level travel time spent in this place.
 D = Time resting spent in this place.
 E = Time spent auto-exploring this place.
 F = Levels seen in this place.
 G = Mean time per level.
                   A        B        C        D        E       F      G
               +--------+--------+--------+--------+--------+-----+--------+
         Total |    861 |    826 |     35 |      0 |    670 |   2 |  430.5 |
       Dungeon |    861 |    826 |     35 |      0 |    670 |   2 |  430.5 |
               +--------+--------+--------+--------+--------+-----+--------+

Top non-repeatable levels by time:
     D:1: 859 daAuts
     D:2: 1 daAuts
